Cogmind - Beta 11 X5 @@@ ROGUE MODE // 2021.07.06 @ 12:01:51 Player: AlmondRoll Result: Destroyed by as-60552 with Assembled Heavy Rifle Performance ------------- Evolutions (0) 0 Regions Visited (2) 400 Robots Destroyed (4) 20 Value Destroyed (27) 27 Prototype IDs (1) 20 Alien Tech Used (0) 0 Bonus (0) 0 TOTAL SCORE: 467 Bonus ------- None Cogmind --------- Core Integrity 0/250 Matter 19/300 Energy 100/100 System Corruption 5% Temperature Cool (0) Movement Treading (160) Location -10/Mines Parts ------- > --- POWER (1) -------- (None) > --- PROPULSION (2) --- Light Treads > --- UTILITY (2) ------ Large Storage Unit > --- WEAPON (2) ------- (None) > --- INVENTORY (15) --- Ion Engine Small Storage Unit Medium Storage Unit Shield Generator Medium Laser Improved Assault Rifle Improved Assault Rifle Grenade Launcher Peak State ------------ > --- POWER ------------ Ion Engine > --- PROPULSION ------- Aluminum Leg Aluminum Leg > --- UTILITY ---------- Small Storage Unit Shield Generator > --- WEAPON ----------- Improved Assault Rifle Improved Assault Rifle > --- INVENTORY -------- Ion Engine Light Treads Light Treads Wheel Compact Wheel Shield Generator Medium Laser Improved Assault Rifle [Rating: 13] Favorites ----------- Power Ion Engine Engine Ion Engine Propulsion Aluminum Leg Treads Light Treads Leg Aluminum Leg Wheel Compact Wheel Utility Small Storage Unit Device Shield Generator Storage Small Storage Unit Weapon Improved Assault Rifle Energy Gun Medium Laser Ballistic Gun Improved Assault Rifle Launcher Grenade Launcher Build | -11 -10 -10 ------- Run | Scr Mat Min Slots Evolved . | . . . Power . | . . . Propulsion . | . . . Utility . | . . . Weapon . | . . . Parts Attached 16 | . 10 6 Power . | . . . Engine . | . . . Core . | . . . Reactor . | . . . Propulsion 3 | . 2 1 Treads 1 | . . 1 Leg . | . . . Wheel 2 | . 2 . Hover . | . . . Flight . | . . . Utility 4 | . 4 . Device 2 | . 2 . Storage 2 | . 2 . Processor . | . . . Hackware . | . . . Protection . | . . . Artifact . | . . . Weapon 9 | . 4 5 Energy Gun 1 | . 1 . Energy Cannon . | . . . Ballistic Gun 5 | . 3 2 Ballistic Cannon . | . . . Launcher 3 | . . 3 Special Weapon . | . . . Impact Weapon . | . . . Slashing Weapon . | . . . Piercing Weapon . | . . . Special Melee Weapon . | . . . Unidentified Prototypes 1 | . 1 . Parts Lost 6 | . . 6 Power 1 | . . 1 Propulsion 2 | . . 2 Utility 1 | . . 1 Weapon 2 | . . 2 Highest Loss Streak 6 | . . 6 Average Slot Usage (%) 90 | . 95 71 Engine 13 | . 14 10 Treads 1 | . . 5 Leg 13 | . 16 . Wheel 11 | . 11 14 Device 9 | . 9 7 Storage 13 | . 13 14 Energy Gun 6 | . 7 . Ballistic Gun 19 | . 20 14 Launcher 1 | . . 5 Naked Turns . | . . . Heaviest Build 33 | 14 33 33 Greatest Support 26 | 20 26 26 Greatest Overweight (x) 1 | . 1 1 Average Overweight (x) . | . . . Largest Inventory Capacity 15 | 8 15 15 Average Capacity 9 | 8 8 15 Most Carried 9 | 6 9 9 Average Carried 7 | 6 7 8 Final Capacity 15 | 8 15 15 Final Carried 9 | 6 9 8 Class Distribution -------------------- 100% | Mutant Dominant Class ---------------- Mutant | -10/Materials Mutant | -10/Mines Resources | -11 -10 -10 ----------- Run | Scr Mat Min Matter Collected 205 | 200 . 5 Remotely . | . . . Salvage Created 141 | . 104 37 Parts 5 | . 4 1 Haulers Intercepted . | . . . Recyclers Shooed 3 | . 3 . Parts Field Recycled . | . . . Retrieved Matter . | . . . Parts Self-Destructed . | . . . Prevented . | . . . Kills | -11 -10 -10 ------- Run | Scr Mat Min Combat Hostiles Destroyed 7 | . . 7 Guns 1 | . . 1 AOE 6 | . . 6 Classes Destroyed 4 | . 2 2 Worker 1 | . 1 . Recycler 1 | . 1 . Swarmer 2 | . . 2 Assembled 5 | . . 5 Best Kill Streak 8 | . 1 8 Combat Bots Only 7 | . . 7 Max Kills in Single Turn 2 | . 1 2 Gunslinging . | . . . Exploded 2 | . . 2 Melee . | . . . Uniques/NPCs Destroyed . | . . . Combat | -11 -10 -10 -------- Run | Scr Mat Min Damage Taken 943 | . 63 880 Core 265 | . 12 253 Absorbed by Shields 92 | . 13 79 Core Remaining (%) 100 | 100 . . Volleys Fired 24 | . 13 11 Largest 2 | . 2 2 Hottest 100 | . 100 46 Shots Fired 39 | . 26 13 Gun 32 | . 26 6 Cannon . | . . . Launcher 7 | . . 7 Special . | . . . Kinetic 26 | . 20 6 Thermal 6 | . 6 . Explosive 7 | . . 7 Electromagnetic . | . . . Robot Hit Streak 7 | . 7 5 Robot Miss Streak 2 | . 2 1 Penetration Max . | . . . Secondary Targets 1 | . . 1 Max Gunslinging Chain 1 | . . 1 Shots Hit Robots 27 | . 18 9 Core Hits 21 | . 4 17 Critical Kills . | . . . Critical Parts Destroyed . | . . . Critical Strikes . | . . . Melee Attacks . | . . . Impact . | . . . Slashing . | . . . Piercing . | . . . Sneak Attacks . | . . . Combat Hostiles . | . . . Follow-up Attacks . | . . . Damage Inflicted 737 | . 251 486 Guns 310 | . 251 59 Cannons . | . . . Explosions 427 | . . 427 Melee . | . . . Ramming . | . . . Kinetic 273 | . 214 59 Thermal 37 | . 37 . Explosive 427 | . . 427 Electromagnetic . | . . . Impact . | . . . Slashing . | . . . Piercing . | . . . Highest Corruption 5 | . 2 5 Average Corruption 2 | . 2 3 Corruption Purged . | . . . Effects 3 | . 2 1 Matter Fused 1 | . . 1 Heat Flow Errors 2 | . 2 . Overload Shots . | . . . Overflow Damage 21 | . . 21 Projectiles . | . . . Explosions 21 | . . 21 Melee . | . . . Knockbacks . | . . . Impact . | . . . Kinetic . | . . . Secondary . | . . . Self-Inflicted Damage 75 | . . 75 Shots 3 | . . 3 Rammed . | . . . Targets Rammed . | . . . Kicked . | . . . Crushed . | . . . Highest Temperature 216 | . 216 9 Average Temperature 62 | . 65 6 Received Heat Transfer 14 | . . 14 Siege Activations . | . . . Robots Corrupted . | . . . Combat Hostiles . | . . . Parts Fried . | . . . Impact Corruptions . | . . . Robots Melted . | . . . Combat Hostiles . | . . . Parts Melted . | . . . Heat Transferred 111 | . 111 . Parts Sabotaged . | . . . Parts Stolen . | . . . Parts Stripped . | . . . Power Chain Reactions . | . . . Missiles Intercepted . | . . . Alert | -11 -10 -10 ------- Run | Scr Mat Min Peak Influence 85 | . 85 83 Initial 33 | . . 33 Average 31 | . 26 57 Maximum Alert Level . | . . . Low Security (%) 100 | 100 100 100 Level 1 . | . . . Level 2 . | . . . Level 3 . | . . . Level 4 . | . . . Level 5 . | . . . High Security . | . . . Max Security . | . . . Squads Dispatched 2 | . 2 . Investigation . | . . . Extermination . | . . . Reinforcement 2 | . 2 . Assault . | . . . Garrison . | . . . Intercept . | . . . Construction Impeded . | . . . Haulers Reinforced . | . . . Cargo Convoy Interrupts . | . . . Stealth | -11 -10 -10 --------- Run | Scr Mat Min Distress Signals . | . . . Communications Jammed . | . . . Distress Signals . | . . . Times Spotted 22 | . 7 15 Peak Tracking Total 7 | . 4 7 Tactical Retreats 2 | . . 2 Traps | -11 -10 -10 ------- Run | Scr Mat Min Traps Triggered 1 | . 1 . Indirectly . | . . . Trap Hack Attempts . | . . . Triggered . | . . . Disarmed . | . . . Reprogrammed . | . . . Reused . | . . . Traps Extracted . | . . . Installed . | . . . Triggered . | . . . Machines | -11 -10 -10 ---------- Run | Scr Mat Min Machines Disabled . | . . . Max in Single Turn . | . . . Machines Sabotaged . | . . . Garrisons Compromised . | . . . Overloaded Fab Kills . | . . . Fab Network Shutdowns . | . . . Hacking | -11 -10 -10 --------- Run | Scr Mat Min Machines Accessed . | . . . Terminals . | . . . Fabricators . | . . . Repair Stations . | . . . Recycling Units . | . . . Scanalyzers . | . . . Garrison Access . | . . . Total Hacks . | . . . Successful . | . . . Failed . | . . . Catastrophic . | . . . Database Lockouts . | . . . Manual . | . . . Terminals . | . . . Fabricators . | . . . Repair Stations . | . . . Recycling Units . | . . . Scanalyzers . | . . . Garrison Access . | . . . Terminal Hacks . | . . . Fabricator Hacks . | . . . Repair Station Hacks . | . . . Recycling Unit Hacks . | . . . Scanalyzer . | . . . Garrison Access Hacks . | . . . Unauthorized Hacks . | . . . Terminals . | . . . Fabricators . | . . . Repair Stations . | . . . Recycling Units . | . . . Scanalyzers . | . . . Garrison Access . | . . . Data Cores Recovered . | . . . Used . | . . . Hacking Detections . | . . . Full Trace Events . | . . . Feedback Events . | . . . Feedback Blocked . | . . . Robot Schematics Acquired . | . . . Robots Built . | . . . Matter . | . . . Time . | . . . Total Robot Build Rating . | . . . Part Schematics Acquired . | . . . Parts Built . | . . . Matter . | . . . Time . | . . . Total Part Build Rating . | . . . Parts Repaired . | . . . Time . | . . . Parts Recycled . | . . . Recycled Matter . | . . . Retrieved Matter . | . . . Retrieved Components . | . . . Parts Scanalyzed . | . . . Part Schematics Acquired . | . . . Parts Damaged . | . . . Bothacking | -11 -10 -10 ------------ Run | Scr Mat Min Used RIF Installer . | . . . Robots Hacked . | . . . Non-combat . | . . . Combat . | . . . Robot Hacks Applied . | . . . Relay Couplers Released . | . . . Robots Rewired . | . . . Allies Hacked . | . . . Hacks Repelled . | . . . Allies | -11 -10 -10 -------- Run | Scr Mat Min Total Allies . | . . . Largest Group . | . . . Highest-Rated Group . | . . . Highest-Rated Ally . | . . . Total Orders . | . . . Ally Attacks . | . . . Total Damage . | . . . Kills . | . . . Allies Corrupted . | . . . Allies Melted . | . . . Intel | -11 -10 -10 ------- Run | Scr Mat Min Robot Analysis Total . | . . . Derelict Logs Recovered 1 | . . 1 Drone Launches . | . . . Drone Recoveries . | . . . Exploration | -11 -10 -10 ------------- Run | Scr Mat Min Turns Passed 411 | 3 335 73 Spaces Moved 284 | 3 251 30 Core . | . . . Treads 13 | . . 13 Legs 138 | 3 135 . Wheels 133 | . 116 17 Hover . | . . . Flight . | . . . Fastest Speed 90 | 120 90 105 Average Speed 109 | 120 106 134 Slowest Speed 260 | 120 120 260 Overloaded Moves . | . . . Propulsion Burnouts . | . . . Robots Hopped . | . . . Cave-ins Triggered . | . . . Exploration Rate (%) 20 | 1 48 11 Regions Visited 2 Branch Regions 1 Pre-discovered Areas . | . . . Known Exits Taken . | . . . Unknown Exits Taken 2 | 1 1 . Scrap Searched . | . . . Spaces Dug . | . . . Terrain Destroyed 31 | . . 31 Melee . | . . . Projectile . | . . . AOE 31 | . . 31 Terrain Rammed . | . . . Walls Destroyed . | . . . Machines Disabled . | . . . Actions | -11 -10 -10 --------- Run | Scr Mat Min Total 341 | 2 292 47 Wait 1 | . 1 . Move 282 | 2 250 30 Hop . | . . . Pick Up 9 | . 9 . Fast Attach 6 | . 6 . Attach 2 | . 1 1 Detach . | . . . Swap 8 | . 3 5 Drop 9 | . 9 . Fire 24 | . 13 11 Melee . | . . . Ram . | . . . Kick . | . . . Crush . | . . . Escape Stasis . | . . . Rewire . | . . . Trap . | . . . Miscellaneous . | . . . Route ------- -11/Scrapyard -10/Materials (discovered 2 exits: [*Mat] / [*Min]) -10/Mines History --------- Turn | Location | Event 1 | -11/Scrapyard | Discovered new exit (range 2) 4 | -11/Scrapyard | Entered Materials 181 | -10/Materials | Discovered new exit (range 4) 283 | -10/Materials | Discovered new exit (range 7) 321 | -10/Materials | Build established: Mutant 339 | -10/Materials | Entered Mines 340 | -10/Mines | Assembled infested the area 388 | -10/Mines | Core integrity fell below 50% 399 | -10/Mines | Core integrity fell below 20% 404 | -10/Mines | Learned Materials emergency access door positions 410 | -10/Mines | Destroyed 7 combat bots 412 | -10/Mines | Destroyed by as-60552 with Assembled Heavy Rifle Last Messages --------------- 00374_ System corrupted: Matter fused (-8). 00374_ Shield Generator destroyed. 00377_ Acquired 5 matter. 00384_ Com. Wheel destroyed. 00384_ System corrupted by crushing effect (+1). 00384_ Knocked back. 00386_ as-97448 destroyed. 00387_ The unstable cave ceiling collapses. 00387_ Destroyed Asb. Hover Unit. 00387_ Imp. Assault Rifle destroyed. 00387_ Destroyed Imp. Assault Rifle. 00389_ Destroyed Asb. Hover Unit. 00389_ as-20855 destroyed. 00391_ Ion Engine destroyed. 00393_ Grenade Launcher destroyed. 00402_ The unstable cave ceiling collapses. 00404_ Acquired derelict log, extracted data. Data stored: Materials emergency access points. 00405_ The unstable cave ceiling collapses. 00409_ T-07 Excavator destroyed. Map ----- +----------------------------------------------------+ | | | | | ?????????????????????????????????????????????????? | | ?????????????????????????????????????????????????? | | ?????????????????????????????????????????????????? | | ?????????????????????????????????????????????????? | | ?????????????????????????????????????????????????? | | ?????????????????????????????????????????????????? | | ?????????????????????????????????????????????????? | | ?????????????????????????????????????????????????? | | ?????????????????????????????????????????????????? | | ????????????????? ???????????????????????????????? | | ????????????????? ??????????????????????????????? | | ????????????????? #??????????????????????????????? | | ?????????####???? #??????????????????????????????? | | ????????## ####? ##?????????????????????????????? | | ???????## ### #?????????????????????????????? | | ????#### #?????????????????????????????? | | ???## %[ ?????? ???????????????????????? | | ???# #????? ????????????????????????? | | ???# #### #?????????????????????????? | | ???# #?????????????????????????? | | ????# #?????????????????????????? | | ????# ######??????????????????????????? | | ????# *%!#################???????????????? | | ????# a @ ????????? | | ????# # a a ????????? | | ????## # ### ############ ###???????????? | | ?????###### ###?###??????????????##?????????????? | | ??????????####???????????????????????????????????? | | ?????????????????????????????????????????????????? | | ?????????????????????????????????????????????????? | | ?????????????????????????????????????????????????? | | ?????????????????????????????????????????????????? | | ?????????????????????????????????????????????????? | | ?????????????????????????????????????????????????? | | ?????????????????????????????????????????????????? | | ?????????????????????????????????????????????????? | | ?????????????????????????????????????????????????? | | ?????????????????????????????????????????????????? | | ?????????????????????????????????????????????????? | | ?????????????????????????????????????????????????? | | ?????????????????????????????????????????????????? | | ?????????????????????????????????????????????????? | | ?????????????????????????????????????????????????? | | ?????????????????????????????????????????????????? | | ?????????????????????????????????????????????????? | | ?????????????????????????????????????????????????? | | ?????????????????????????????????????????????????? | | ?????????????????????????????????????????????????? | +----------------------------------------------------+ Best States ------------- Heat Dissipation 25 Energy Generation 10 Energy Capacity 250 Matter Stores 300 Matter Capacity 300 Sight Range 16 Terrain Scan Density 10 Evasion (%) 55 Recoil Reduction 1 Item Schematics ----------------- None Robot Schematics ------------------ None Fabricated ------------ Nothing Alien Tech Used ----------------- None Achievements -------------- None Challenges ------------ None Game ------ Seed NullKineticConverter Manual? 0 Play Time 00:06:20 Cumulative 205.2 hours Start 2021.07.06 @ 11:57:20 End 2021.07.06 @ 12:01:51 Sessions 1 Manual Loads 0 Difficulty Rogue Special Mode None Game No. 120 Rogue 120 Adventurer 0 Explorer 0 Win Type - Total 3 Types 2/0/0/1/0/0/0/0/0 Lore% 60 Gallery% 72 Achievement% 47 Wizard Run 0 Options --------- ASCII 0 Keyboard 0 Movement Numpad Keybinds 0 Fullscreen 1 Font 18/SmallcapsGlow Map View 76x50 Tactical HUD 1 Map Filters NONE Filters NONE Steam 1 RUN: 2c053de0-fd45-4fc2-bb39-1df004025ec7